 Dungeon Crawl Stone Soup version 0.27-a0-1105-g946c659c87 (webtiles) character file.

Game seed: 12401181524955661935

303 robertstho the Magician (level 6, -4/60 HPs)
             Began as a Djinni Fire Elementalist on Apr 30, 2021.
             Splashed by a jelly's acid (5 damage)
             ... on level 6 of the Dungeon.
             The game lasted 00:08:57 (5527 turns).

robertstho the Magician (Djinni Fire Elementalist)  Turns: 5527, Time: 00:08:58

Health: -4/60      AC: -8    Str:  5 (7)  XL:     6   Next: 38%
Gold:   198        EV: 12    Int: 15 (18) God:
                   SH:  0    Dex: 11 (14)

rFire    + + .     SeeInvis .   b - +3 whip (venom)
rCold    x . .     Faith    .   (no shield)
rNeg     . . .     Spirit   .   a - +0 robe
rPois    ∞         Reflect  .   (helmet restricted)
rElec    .         Harm     .   l - +1 cloak
rCorr    .         Rampage  .   (no gloves)
Will     .....                  (boots unavailable)
Stlth    ..........             (no amulet)
HPRegen  0.20/turn              (no ring)
MPRegen  0.00/turn              (no ring)

@: brilliant, berserking, corroded, attractive, flying, very slightly
contaminated, very quick
A: fire resistance 2, cold vulnerability 1, float, innate caster, hp casting,
extra vitality 1, antennae 1, MP-powered wands
a: no special abilities


You were on level 6 of the Dungeon.
You visited 1 branch of the dungeon, and saw 5 of its levels.
You also visited: Sewer.

You collected 198 gold pieces.

Inventory:

Hand Weapons
 b - a +3 whip of venom (weapon)
Armour
 a - a +0 robe (worn)
 l - a +1 cloak (worn)
Jewellery
 m - a ring of magical power
Scrolls
 g - 4 scrolls of teleportation
 i - a scroll of silence
 k - a scroll of immolation
 n - a scroll of amnesia {unknown}
Potions
 c - 2 potions of cancellation
 d - a potion of heal wounds {unknown}
 f - a potion of attraction
 j - a potion of degeneration


   Skills:
 + Level 0.2 Fighting
 + Level 0.6 Maces & Flails
 + Level 2.7 Dodging
 + Level 3.2 Stealth
 + Level 5.0 Spellcasting


You couldn't memorise any spells.
You knew the following spells:

 Your Spells              Type           Power      Damage    Failure   Level
a - Foxfire               Conj/Fire      100%       2x1d9     1%          1
b - Conjure Flame         Conj/Fire      28%        6-21      6%          3
c - Inner Flame           Hex/Fire       28%        N/A       6%          3
d - Sticky Flame          Conj/Fire      28%        2d5       21%         4
e - Fireball              Conj/Fire      14%        3d8       50%         5
f - Shock                 Conj/Air       100%       1d9       1%          1
g - Passwall              Tmut/Erth      23%        N/A       3%          2
Your spell library was empty.

Dungeon Overview and Level Annotations

Branches:
Dungeon (4/15)              Sewer (visited)
 Temple: D:4-7

Altars:
Elyvilon
Makhleb
Wu Jian


Innate Abilities, Weirdness & Mutations

You are immune to poison.
Your flesh is very heat resistant. (rF++)
You are vulnerable to cold. (rC-)
You float through the air rather than walking.
You learn spells naturally, not from books.
Your magical power is your life essence.
You have superior vitality. (+4 HP)
You have a pair of small antennae on your head.
You expend health (3 HP) to strengthen your wands.


Message History

Casting: Sticky Flame (quite dangerous; 17% risk of failure)
Confirm with . or Enter, or press ? or * to list all spells.
The spell is quite dangerous to cast (17% risk of failure)!
Continue anyway?
Aiming: Sticky Flame (quite dangerous; 17% risk of failure)
Press: ? - help, Shift-Dir - straight line, f - jelly
Aim: a jelly (moderately wounded, 100% to hit)
You miscast Sticky Flame.
You are very lightly contaminated with residual magic.
Nothing appears to happen.
The jelly hits you. The acid corrodes you!
You are splashed with acid!
* * * LOW HITPOINT WARNING * * *
It was a potion of mutation.
You feel extremely strange. A pair of antennae grows on your head!
You feel your magical essence link to the dungeon's wands.
The jelly barely misses you.
It was a potion of degeneration.
There was something very wrong with that liquid.
You feel weakened.
You feel dopey.
You feel clumsy. The jelly closely misses you.
It was a potion of attraction.
You feel attractive to monsters. The jelly barely misses you.
It was a potion of brilliance.
You feel clever all of a sudden. The jelly closely misses you.
The centaur is pulled toward you!
It was a potion of berserk rage.
A red film seems to cover your vision as you go berserk!
You feel yourself moving faster!
You feel mighty! The jelly hits you.
* * * LOW HITPOINT WARNING * * *
The acid corrodes you!
You are splashed with acid.
* * * LOW HITPOINT WARNING * * *
You whack the jelly!
The jelly looks as sick as possible!
The acid corrodes you!
Your hands burn!
* * * LOW HITPOINT WARNING * * *
The jelly is severely wounded.
The centaur is pulled toward you!
Unknown command.
You hit the jelly but do no damage.
The jelly looks as sick as possible!
Your hands burn!
You die...

..........#
..........#
#........#
........#
.......# #.....#
.# #.....# ...#
#..@.##....#
...#####J....)..
........c##.####
.......'.# #
...#...#.# .
#####.. ....
..... ../...


You could see a centaur and a jelly (extremely poisoned).

Vanquished Creatures
  A merfolk avatar (Sewer)
  2 merfolk sirens (Sewer)
  Robin (D:2)
  A gnoll (D:1)
  4 adders
  5 river rats
  3 worms (D:2)
  3 orcs (D:3)
  4 endoplasms (D:2)
  14 giant cockroaches
  14 goblins
  6 hobgoblins
  8 jackals
  6 kobolds
  5 quokkas
  10 ball pythons
  5 bats
  10 frilled lizards
  27 rats
129 creatures vanquished.

Vanquished Creatures (others)
  449 foxfires
449 creatures vanquished.

Grand Total: 578 creatures vanquished

Notes
Turn   | Place    | Note
-------+----------+-------------------------------------------
     0 | D:1      | robertstho the Djinni Fire Elementalist began the quest for
                  | the Orb.
     0 | D:1      | Reached XP level 1. HP: 15/15 MP: 0/0
   141 | D:1      | Reached skill level 3 in Spellcasting
   142 | D:1      | Reached XP level 2. HP: 14/21 MP: 0/0
   724 | D:1      | HP: 1/21 [jackal (2)]
  1272 | D:1      | Reached XP level 3. HP: 19/25 MP: 0/0
  1272 | D:1      | Learned a level 1 spell: Shock
  2131 | D:2      | Reached XP level 4. HP: 22/31 MP: 0/0
  2326 | D:2      | Noticed Robin
  2337 | D:2      | Reached skill level 4 in Spellcasting
  2350 | D:2      | Killed Robin
  3263 | D:3      | Found an ornate altar of the Wu Jian Council.
  3263 | D:3      | Found a burning altar of Makhleb.
  3264 | D:3      | Found a white marble altar of Elyvilon.
  3394 | D:3      | Reached XP level 5. HP: 26/35 MP: 0/0
  3394 | D:3      | Learned a level 2 spell: Passwall
  3397 | D:3      | Found a glowing drain.
  3410 | Sewer    | Entered a sewer
  4174 | Sewer    | Reached XP level 6. HP: 39/40 MP: 0/0
  4879 | D:3      | Reached skill level 5 in Spellcasting
  5512 | D:4      | You are sucked into a shaft and drop 2 floors!
  5521 | D:6      | Gained mutation: You have a pair of small antennae on your
                  | head. [potion of mutation]
  5521 | D:6      | Gained mutation: You expend health (3 HP) to strengthen
                  | your wands. [potion of mutation]
  5526 | D:6      | HP: 1/60 [acid (4)]
  5527 | D:6      | Splashed by a jelly's acid

Illustrated notes

Levels and vault maps discovered:
D:1:      dpeg_arrival_solitude, layout_basic
D:2:      layout_rooms, corner_web_ring, uniq_robin
D:3:      minmay_roachtagon, layout_basic, nicolae_overflow_hidden_temple,
          portal_sewer_entry_e
D:4:      layout_basic, roderic_batcave, minmay_misc_feat_rugged,
          amethyst_killhole, uniq_duvessa
D:6:      layout_basic, evilmike_ruin_ashenzari, minmay_temple_entry_offerings,
          corexii_leaking_fountain, minmay_puff, uniq_crazy_yiuf_cottage

Skill      XL: |  1  2  3  4  5  6 |
---------------+-------------------+-----
Spellcasting   | 3 4 5 |  5.0
Stealth        | 2 3 |  3.2
Fighting       | |  0.2
Maces & Flails | |  0.6
Dodging        | |  2.7

Action                   |  1- 3 |  4- 6 || total
-------------------------+-------+-------++-------
Melee: Whip              |     2 |    18 ||    20
 Cast: Foxfire           |    92 |   188 ||   280
       Sticky Flame      |       |     1 ||     1
  Use: Scroll            |     2 |     4 ||     6
       Potion            |       |     5 ||     5
 Stab: Sleeping          |     1 |       ||     1
Armor: Robe              |     2 |    12 ||    14
Dodge: Dodged            |     5 |    45 ||    50

Table legend: (Time is in decaauts)
 A = Elapsed time spent in this place.
 B = Non-inter-level travel time spent in this place.
 C = Inter-level travel time spent in this place.
 D = Time resting spent in this place.
 E = Time spent auto-exploring this place.
 F = Levels seen in this place.
 G = Mean time per level.
                   A        B        C        D        E       F      G
               +--------+--------+--------+--------+--------+-----+--------+
         Total |   5527 |   5379 |    148 |    430 |   4208 |   6 |  921.2 |
       Dungeon |   4267 |   4119 |    148 |    272 |   3335 |   5 |  853.4 |
         Sewer |   1259 |   1259 |      0 |    158 |    873 |   1 | 1259.0 |
               +--------+--------+--------+--------+--------+-----+--------+

Top non-repeatable levels by time:
     D:1: 1748 daAuts
     D:3: 1403 daAuts
   Sewer: 1259 daAuts
     D:2: 1082 daAuts
     D:4: 18 daAuts
     D:6: 14 daAuts
